 Dungeon Crawl Stone Soup version 0.29.0-4-gdea44cf6ec (webtiles) character file.

Game seed: 10870543917473505895

746 qw the Ruffian (level 7, -4/57 HPs)
             Began as a Ghoul Fire Elementalist on Aug 29, 2022.
             Slain by a wight
             ... wielding a +3 long sword of freezing
              (12 damage)
             ... on level 8 of the Dungeon.
             The game lasted 00:04:25 (5278 turns).

qw the Ruffian (Ghoul Fire Elementalist)            Turns: 5278, Time: 00:04:26

Health: -4/57      AC: 18    Str: 13    XL:     7   Next: 77%
Magic:  8/8        EV:  6    Int:  9    God:
Gold:   219        SH:  0    Dex: 10    Spells: 8/9 levels left

rFire   . . .      SeeInvis .     - Unarmed
rCold   + . .      Faith    .   (no shield)
rNeg    + + +      Spirit   .   c - +0 chain mail
rPois   inf        Reflect  .   d - +0 helmet
rElec   .          Harm     .   j - +2 ratskin cloak {*Rats rPois rN+ Str-1 Int-1 Dex+1}
rCorr   .          Rampage  .   (no gloves)
Will    .....                   h - +0 pair of boots
Stlth   ..........              (no amulet)
HPRegen 0.00/turn               a - +4 ring of protection
MPRegen 0.11/turn               (no ring)

@: about to teleport, inhibited regen
A: claws 1, cold resistance 1, negative energy resistance 3, inhibited
regeneration, torment resistance 2, devour on kill
a: no special abilities


You were on level 8 of the Dungeon.
You visited 1 branch of the dungeon, and saw 6 of its levels.

You collected 364 gold pieces.
You spent 145 gold pieces at shops.


Innate Abilities, Weirdness & Mutations

You are immune to poison.
You have sharp fingernails.
Your flesh is cold resistant. (rC+)
You are immune to negative energy. (rN+++)
You do not regenerate when monsters are visible.
You are immune to unholy pain and torment.
You thrive by killing the living.


   Skills:
 - Level 3.1 Fighting
 - Level 1.4 Throwing
 - Level 2.5 Armour
 - Level 1.7 Dodging
 - Level 2.1 Stealth
 + Level 7.2 Unarmed Combat
 - Level 1.7 Spellcasting
 - Level 0.7 Conjurations
 - Level 2.4 Fire Magic


You had 8 spell levels left.
You knew the following spells:

 Your Spells              Type           Power      Damage    Failure   Level
a - Foxfire               Conj/Fire      12%        2x1d4     99%         1

Your spell library contained the following spells:

 Spells                   Type           Power      Damage    Failure   Level
 Scorch                   Fire           10%        2d5       99%         2
 Conjure Flame            Conj/Fire      3%         6-21      100%        3
 Inner Flame              Hex/Fire       2%         N/A       100%        3
 Flame Wave               Conj/Fire      3%         2d5       100%        4

Inventory:

Missiles
 f - a silver boomerang (quivered)
Armour
 c - a +0 chain mail (worn)
 d - a +0 helmet (worn)
 h - a +0 pair of boots (worn)
 j - the +2 ratskin cloak (worn) {*Rats rPois rN+ Str-1 Int-1 Dex+1}
   (You found it on level 2 of the Dungeon)

   When the wearer is hurt, rats may emerge from it to assist them.
   Str:       It affects your strength (-1).
   Int:       It affects your intelligence (-1).
   Dex:       It affects your dexterity (+1).
   rPois:     It protects you from poison.
   rN:        It protects you from negative energy.
 m - a +0 buckler
Jewellery
 a - a +4 ring of protection (left claw)
Scrolls
 g - 4 scrolls of identify
Potions
 b - a potion of heal wounds
 e - 4 potions of curing
 k - a potion of cancellation
 l - a potion of haste {unknown}

Dungeon Overview and Level Annotations

Branches:
Dungeon (8/15)
 Temple: D:4-7         Lair: D:8-11

Altars:
Ashenzari
Makhleb
Xom

Shops:
D:1 [   D:5 [


Message History

You scratch the wight.
The wight is moderately damaged.
You barely miss the wight.
The wight is moderately damaged.
The wight hits you but does no damage. x2
You scratch the wight.
The wight is moderately damaged.
The wight barely misses you. The wight hits you but does no damage.
You claw the wight!
The wight is severely damaged.
The wight hits you but does no damage.
The wight hits you with a +3 long sword of freezing.
The wight freezes you.
You scratch the wight but do no damage. You claw the wight, but do no damage.
The wight is severely damaged.
The wight hits you but does no damage.
You scratch the wight.
The wight is almost destroyed.
The wight hits you but does no damage.
The wight hits you with a +5 hand axe of freezing.
You scratch the wight.
You destroy the wight!
The wight hits you but does no damage.
You scratch the wight but do no damage. You scratch the wight but do no damage.
The wight hits you with a +3 long sword of freezing!
A hell rat scurries out from under your cloak.
The wight freezes you.
The wight hits you with a +5 dire flail.
You completely miss the wight.
The wight hits you with a +5 dire flail!
The wight hits you with a +3 long sword of freezing!
The wight hits you but does no damage. The wight closely misses your hell rat.
Your hell rat misses the wight.
5278 ||| READING scroll of teleportation.
As you read the scroll of teleportation, it crumbles to dust.
You feel strangely unstable. The wight barely misses you.
The wight hits you with a +3 long sword of freezing!
You die...

#.# #.# .######### #.#
.........# #.#
.###.....####.##########
........................
.###....##########.....#
####z#...# #.....#
#@z...# #.....# ##zr..#
#.....# ##...# #.....#
......# #.)...# z..~~..#
#.....# ...~~~..#
#.....# ..z~~~~..#
####### ....~~~~..#
...........+


You could see 3 wights and a friendly hell rat.

Vanquished Creatures
  A necrophage (D:5)
  3 scorpions
  A wight (D:8)
  An orc priest (D:3)
  Natasha (thrice) (D:3)
  An iguana (D:5)
  7 gnolls
  6 adders
  An ufetubus (D:4)
  3 dart slugs
  6 orcs
  A bat (D:3)
  8 endoplasms
  5 giant cockroaches
  8 goblins
  8 hobgoblins
  4 jackals (D:1)
  7 quokkas
  13 ball pythons
  5 frilled lizards
  13 kobolds
  3 rats
108 creatures vanquished.

Vanquished Creatures (collateral kills)
  A gnoll bouda (D:4)
  5 gnolls (D:4)
  A goblin (D:4)
7 creatures vanquished.

Grand Total: 115 creatures vanquished

Notes
Turn   | Place    | Note
-------+----------+-------------------------------------------
     0 | D:1      | qw the Ghoul Fire Elementalist began the quest for the Orb.
     0 | D:1      | Reached XP level 1. HP: 14/14 MP: 2/2
     0 | D:1      | 0 ||| qw: Version: 0.1-a-90-g952f4b7
     0 | D:1      | 0 ||| qw: Game counter: 3957
     0 | D:1      | 0 ||| qw: Always use a shield: true
     0 | D:1      | 0 ||| qw: God list: Okawaru
     0 | D:1      | 0 ||| qw: Allow faded altars: false
     0 | D:1      | 0 ||| qw: Do Orc after D:15 true
     0 | D:1      | 0 ||| qw: Do second Lair branch before Depths: true
     0 | D:1      | 0 ||| qw: Lair rune preference: random
     0 | D:1      | 0 ||| qw: Plans: Normal
     0 | D:1      | 0 ||| PLANNING D:1-11
    57 | D:1      | 57 ||| Stepping ~*~*~tactically~*~*~ (stealth).
    59 | D:1      | 59 ||| Stepping ~*~*~tactically~*~*~ (stealth).
    61 | D:1      | Reached skill level 1 in Unarmed Combat
   220 | D:1      | Reached skill level 1 in Fighting
   220 | D:1      | Reached XP level 2. HP: 23/23 MP: 3/3
   293 | D:1      | 293 ||| Stepping ~*~*~tactically~*~*~ (stealth).
   299 | D:1      | 299 ||| Stepping ~*~*~tactically~*~*~ (outnumbered).
   567 | D:1      | Reached skill level 2 in Unarmed Combat
   569 | D:1      | Found Hysakheq's Armour Shoppe.
   575 | D:1      | 575 ||| Stepping ~*~*~tactically~*~*~ (stealth).
   579 | D:1      | 579 ||| Stepping ~*~*~tactically~*~*~ (stealth).
   581 | D:1      | 581 ||| Stepping ~*~*~tactically~*~*~ (stealth).
   584 | D:1      | 584 ||| Stepping ~*~*~tactically~*~*~ (stealth).
   585 | D:1      | 585 ||| Stepping ~*~*~tactically~*~*~ (stealth).
   586 | D:1      | 586 ||| Stepping ~*~*~tactically~*~*~ (stealth).
   589 | D:1      | 589 ||| Stepping ~*~*~tactically~*~*~ (stealth).
   591 | D:1      | 591 ||| SHOPLISTING +0 chain mail (63 gold, have 59).
   591 | D:1      | 591 ||| BUYING +0 leather armour (28 gold).
   591 | D:1      | Bought a +0 leather armour for 28 gold pieces
   591 | D:1      | 591 ||| SHOPLISTING +0 pair of fencer's gloves {Riposte
                  | Dex+3} (560 gold, have 31).
   591 | D:1      | 591 ||| SHOPLISTING +0 ring mail (56 gold, have 31).
   591 | D:1      | 591 ||| SHOPLISTING +1 plate armour of positive energy (448
                  | gold, have 31).
   591 | D:1      | 591 ||| SHOPLISTING +3 plate armour of cold resistance (630
                  | gold, have 31).
   591 | D:1      | 591 ||| SHOPLISTING +7 chain mail "Peiteuts" {Will- Int-3
                  | Dex+8 SInv} (798 gold, have 31).
   625 | D:1      | 625 ||| Stepping ~*~*~tactically~*~*~ (stealth).
   631 | D:1      | 631 ||| Stepping ~*~*~tactically~*~*~ (stealth).
   632 | D:1      | 632 ||| Stepping ~*~*~tactically~*~*~ (stealth).
   633 | D:1      | 633 ||| Stepping ~*~*~tactically~*~*~ (stealth).
   635 | D:1      | Reached XP level 3. HP: 27/28 MP: 4/4
   636 | D:1      | 636 ||| Stepping ~*~*~tactically~*~*~ (stealth).
   644 | D:1      | 644 ||| Stepping ~*~*~tactically~*~*~ (stealth).
   645 | D:1      | 645 ||| Stepping ~*~*~tactically~*~*~ (stealth).
   646 | D:1      | 646 ||| Stepping ~*~*~tactically~*~*~ (stealth).
   648 | D:1      | 648 ||| Stepping ~*~*~tactically~*~*~ (stealth).
   649 | D:1      | 649 ||| Stepping ~*~*~tactically~*~*~ (stealth).
   652 | D:1      | 652 ||| Stepping ~*~*~tactically~*~*~ (stealth).
   702 | D:1      | 702 ||| Stepping ~*~*~tactically~*~*~ (stealth).
   722 | D:1      | 722 ||| Stepping ~*~*~tactically~*~*~ (stealth).
   774 | D:1      | 774 ||| Stepping ~*~*~tactically~*~*~ (stealth).
   778 | D:1      | 778 ||| Stepping ~*~*~tactically~*~*~ (stealth).
   798 | D:1      | 798 ||| Stepping ~*~*~tactically~*~*~ (stealth).
   801 | D:1      | 801 ||| Stepping ~*~*~tactically~*~*~ (stealth).
  1160 | D:1      | 1160 ||| UPGRADING to +0 leather armour.
  1170 | D:1      | 1170 ||| DROPPING +0 robe.
  1171 | D:1      | 1171 ||| READING scroll labelled YWAXTO CAGRAPH.
  1172 | D:1      | 1172 ||| READING scroll labelled ODUVERGH UMAO.
  1173 | D:1      | 1173 ||| READING scroll labelled JAGUYN XUMUIH.
  1174 | D:1      | 1174 ||| DROPPING potion of magic.
  1216 | D:2      | Reached skill level 3 in Unarmed Combat
  1253 | D:2      | 1253 ||| FLEEEEING.
  1254 | D:2      | 1254 ||| FLEEEEING.
  1257 | D:2      | 1257 ||| STAIRDANCE
  1338 | D:1      | 1338 ||| UPGRADING to +4 ring of protection.
  1342 | D:2      | 1342 ||| Stepping ~*~*~tactically~*~*~ (stealth).
  1343 | D:2      | 1343 ||| Stepping ~*~*~tactically~*~*~ (stealth).
  1579 | D:2      | Reached XP level 4. HP: 28/35 MP: 5/5
  1733 | D:2      | Found the +2 ratskin cloak {*Rats rPois rN+ Str-1 Int-1
                  | Dex+1}
  1834 | D:2      | 1834 ||| Stepping ~*~*~tactically~*~*~ (hiding).
  1850 | D:2      | Reached skill level 4 in Unarmed Combat
  1995 | D:2      | 1995 ||| Stepping ~*~*~tactically~*~*~ (outnumbered).
  1996 | D:2      | 1996 ||| Stepping ~*~*~tactically~*~*~ (outnumbered).
  1997 | D:2      | 1997 ||| Stepping ~*~*~tactically~*~*~ (outnumbered).
  1998 | D:2      | 1998 ||| Stepping ~*~*~tactically~*~*~ (outnumbered).
  1999 | D:2      | 1999 ||| Stepping ~*~*~tactically~*~*~ (outnumbered).
  2112 | D:2      | 2112 ||| UPGRADING to +2 ratskin cloak {*Rats rPois rN+
                  | Str-1 Int-1 Dex+1}.
  2117 | D:2      | 2117 ||| UPGRADING to +0 ring mail.
  2127 | D:2      | 2127 ||| DROPPING +0 leather armour.
  2128 | D:2      | 2128 ||| DROPPING ring of flight.
  2129 | D:2      | 2129 ||| READING scroll labelled VIDEHU URCHOC.
  2130 | D:2      | 2130 ||| READING scroll labelled LETOEXAECHE.
  2131 | D:2      | 2131 ||| READING scroll labelled GAUZXA PEOGI.
  2132 | D:2      | 2132 ||| DRINKING 3 sedimented sapphire potions.
  2133 | D:2      | 2133 ||| READING 3 scrolls of identify.
  2133 | D:2      | 2133 ||| IDENTIFYING cyan potion
  2134 | D:2      | 2134 ||| READING 2 scrolls of identify.
  2134 | D:2      | 2134 ||| IDENTIFYING bubbling golden potion
  2135 | D:2      | 2135 ||| DROPPING potion of flight.
  2178 | D:3      | Found a faded altar of an unknown god.
  2261 | D:3      | Reached XP level 5. HP: 28/42 MP: 6/6
  2261 | D:3      | 2261 ||| Stepping ~*~*~tactically~*~*~ (outnumbered).
  2415 | D:3      | Noticed Natasha
  2431 | D:3      | Killed Natasha
  2566 | D:3      | Found a shimmering altar of Xom.
  2589 | D:3      | Found a broken altar of Ashenzari.
  2696 | D:3      | Noticed Natasha
  2712 | D:3      | Killed Natasha
  2777 | D:3      | Reached skill level 5 in Unarmed Combat
  2783 | D:3      | 2783 ||| Stepping ~*~*~tactically~*~*~ (stealth).
  2796 | D:3      | Reached XP level 6. HP: 50/50 MP: 7/7
  3244 | D:3      | Noticed Natasha
  3246 | D:3      | 3246 ||| Stepping ~*~*~tactically~*~*~ (stealth).
  3248 | D:3      | 3248 ||| Stepping ~*~*~tactically~*~*~ (outnumbered).
  3256 | D:3      | 3256 ||| Stepping ~*~*~tactically~*~*~ (outnumbered).
  3268 | D:3      | Killed Natasha
  3328 | D:3      | 3328 ||| Stepping ~*~*~tactically~*~*~ (stealth).
  3339 | D:3      | 3339 ||| Stepping ~*~*~tactically~*~*~ (outnumbered).
  3340 | D:3      | 3340 ||| Stepping ~*~*~tactically~*~*~ (outnumbered).
  3341 | D:3      | 3341 ||| Stepping ~*~*~tactically~*~*~ (outnumbered).
  3342 | D:3      | 3342 ||| Stepping ~*~*~tactically~*~*~ (outnumbered).
  3571 | D:3      | 3571 ||| UPGRADING to +0 chain mail.
  3581 | D:3      | 3581 ||| UPGRADING to +0 helmet.
  3586 | D:3      | 3586 ||| DROPPING +0 ring mail.
  3587 | D:3      | 3587 ||| DROPPING amulet of faith.
  3588 | D:3      | 3588 ||| READING scroll labelled IPLYMI AFOMUNN.
  3589 | D:3      | 3589 ||| READING 2 scrolls of identify.
  3589 | D:3      | 3589 ||| IDENTIFYING yellow potion
  3590 | D:3      | 3590 ||| DROPPING potion of attraction.
  3761 | D:4      | 3761 ||| Stepping ~*~*~tactically~*~*~ (stealth).
  3785 | D:4      | Reached skill level 1 in Armour
  3788 | D:4      | Reached skill level 6 in Unarmed Combat
  3792 | D:4      | Reached skill level 3 in Fighting
  4133 | D:4      | Reached XP level 7. HP: 56/57 MP: 8/8
  4871 | D:4      | 4871 ||| UPGRADING to +0 pair of boots.
  4876 | D:4      | 4876 ||| READING scroll labelled HOWOOPOAXI.
  4877 | D:4      | 4877 ||| READING scroll labelled VOULAC LANLE.
  4882 | D:4      | 4882 ||| READING 2 scrolls of identify.
  4882 | D:4      | 4882 ||| IDENTIFYING white potion
  4933 | D:4      | 4933 ||| Stepping randomly (stuck).
  4955 | D:5      | Entered Level 5 of the Dungeon
  5034 | D:5      | Found Tasm's Antique Armour Boutique.
  5086 | D:5      | 5086 ||| BUYING buckler (117 gold).
  5086 | D:5      | Bought a buckler for 117 gold pieces
  5086 | D:5      | 5086 ||| SHOPLISTING glowing chain mail (195 gold, have
                  | 175).
  5086 | D:5      | 5086 ||| SHOPLISTING runed scale mail (182 gold, have 175).
  5107 | D:5      | Found a burning altar of Makhleb.
  5156 | D:5      | Reached skill level 7 in Unarmed Combat
  5219 | D:5      | Reached skill level 1 in Throwing
  5220 | D:5      | You fall into a shaft and drop 3 floors!
  5263 | D:8      | 5263 ||| Stepping ~*~*~tactically~*~*~ (stealth).
  5267 | D:8      | 5267 ||| Stepping ~*~*~tactically~*~*~ (outnumbered).
  5277 | D:8      | HP: 8/57 [wight/+3 long sword of freezing (7)]
  5278 | D:8      | 5278 ||| READING scroll of teleportation.
  5278 | D:8      | Slain by a wight

Levels and vault maps discovered:
D:1:      heliophobic_arrival_henge, layout_basic, serial_shops, shop
D:2:      layout_loops_ring, minmay_increasing_density
D:3:      layout_basic, mainiacjoe_overflow_brackets,
          mainiacjoe_overflow_boulevard, shapermc_ecumenical_altar_totnotflames,
          minmay_quadrilaterals, uniq_natasha
D:4:      layout_loops_ring, nicolae_overflow_hidden_temple, chequers_big_river,
          supply_closet_lemuel, kennysheep_generic_room_7
D:5:      layout_basic, mainiacjoe_overflow_cross_hatched,
          kennysheep_little_box, serial_shops, shop, nrook_mini_vaults
D:8:      layout_basic

Skill      XL: |  1  2  3  4  5  6  7 |
---------------+----------------------+-----
Unarmed Combat | 1 2 3 4 5 6 7 |  7.2
Fighting       | 1 2 3 |  3.1
Armour         | 1 2 |  2.5
Throwing       | 1 |  1.4
Dodging        | |  1.7
Stealth        | |  2.1
Spellcasting   | |  1.7
Conjurations   | |  0.7
Fire Magic     | |  2.4

Action                   |  1- 3 |  4- 6 |  7- 9 || total
-------------------------+-------+-------+-------++-------
Melee: Unarmed           |   145 |   209 |    61 ||   415
       Punch             |     2 |     8 |     2 ||    12
Throw: Javelin           |    14 |       |       ||    14
       Boomerang         |       |    23 |    16 ||    39
  Use: Scroll            |     3 |     7 |     4 ||    14
       Potion            |       |     1 |       ||     1
 Stab: Sleeping          |       |     1 |       ||     1
Armor: Robe              |    10 |       |       ||    10
       Leather armour    |    11 |    15 |       ||    26
       Ring mail         |       |    51 |       ||    51
       Chain mail        |       |    34 |    38 ||    72
Dodge: Dodged            |    72 |    85 |    12 ||   169

Table legend:
 A = Non-vault XP
 B = Vault XP
 C = Vault XP percentage of total XP
 D = Non-vault monster count
 E = Vault monster count
 F = Vault count percentage of total count
                 A         B        C        D         E       F
            +---------+---------+-------+---------+---------+-------
      Total |    1004 |      62 |   5.8 |     102 |      13 |  11.3
            +---------+---------+-------+---------+---------+-------
        D:1 |      55 |       0 |   0.0 |      36 |       0 |   0.0
        D:2 |      63 |      13 |  17.1 |      20 |       7 |  25.9
        D:3 |     218 |      47 |  17.7 |      23 |       5 |  17.9
        D:4 |     296 |       2 |   0.7 |      16 |       1 |   5.9
        D:5 |     294 |       0 |   0.0 |       6 |       0 |   0.0
        D:8 |      78 |       0 |   0.0 |       1 |       0 |   0.0
            +---------+---------+-------+---------+---------+-------
